 Dungeon Crawl Stone Soup version 0.28.0-53-g5a82cb258f (webtiles) character file.

Game seed: 13275154134445571508

3612 DocClef the Magician (level 10, 0/66 HPs)
             Began as a Gnoll Fire Elementalist on July 12, 2022.
             Was a Follower of Hepliaklqana.
             Slain by a death yak (11 damage)
             ... on level 7 of the Dungeon.
             The game lasted 00:14:14 (10336 turns).

DocClef the Magician (Gnoll Fire Elementalist)     Turns: 10336, Time: 00:14:14

Health: 0/66       AC: 12    Str: 13    XL:     10   Next: 11%
Magic:  16/20      EV: 13    Int: 19    God:    Hepliaklqana [*.....]
Gold:   349        SH:  0    Dex: 10    Spells: 20/23 levels left

rFire   . . .      SeeInvis +   F - +5 scimitar (freeze)
rCold   . . .      Faith    .   (no shield)
rNeg    . . .      Spirit   .   p - +0 leather armour "Ogodwumeex" {-Tele Will+++ Dex-3 SInv}
rPois   .          Reflect  .   x - +1 helmet
rElec   .          Harm     .   (no cloak)
rCorr   .          Rampage  .   E - +0 pair of gloves
Will    +++..      NoTele   +   l - +0 pair of boots
Stlth   +++.......              (no amulet)
HPRegen 0.21/turn               e - +4 ring of protection
MPRegen 0.17/turn               k - +6 ring of strength

@: no status effects
A: reduced essence, fangs 1, strong nose, distributed training
a: Renounce Religion, Recall Ancestor, Ancestor Identity


You were on level 7 of the Dungeon.
You worshipped Hepliaklqana.
Hepliaklqana was aware of your devotion.
You visited 2 branches of the dungeon, and saw 9 of its levels.

You collected 349 gold pieces.

Inventory:

Hand Weapons
 u - a +2 flail of draining
 F - a +5 scimitar of freezing (weapon)
Missiles
 j - a throwing net
Armour
 l - a +0 pair of boots (worn)
 p - the +0 leather armour "Ogodwumeex" (worn) {-Tele Will+++ Dex-3 SInv}
   (You found it on level 2 of the Dungeon)

   Dex:       It affects your dexterity (-3).
   SInv:      It lets you see invisible.
   -Tele:     It prevents most forms of teleportation.
   Will:      It greatly increases your willpower.
 x - a +1 helmet (worn)
 E - a +0 pair of gloves (worn)
Jewellery
 e - a +4 ring of protection (left hand)
 k - a +6 ring of strength (right hand)
 v - an amulet of guardian spirit
Wands
 t - a wand of iceblast (14)
Scrolls
 b - 3 scrolls of immolation {unknown}
 f - a scroll of torment {unknown}
 g - a scroll of amnesia {unknown}
 h - 5 scrolls of identify {unknown}
 i - a scroll of summoning {unknown}
 n - a scroll of silence {unknown}
 r - 4 scrolls of teleportation {unknown}
 y - a scroll of noise {unknown}
 z - 3 scrolls of blinking {unknown}
 A - a scroll of vulnerability {unknown}
 D - a scroll of holy word {unknown}
Potions
 a - a potion of cancellation {unknown}
 d - 8 potions of curing {unknown}
 m - a potion of heal wounds {unknown}
 o - 2 potions of flight {unknown}
 q - 2 potions of berserk rage {unknown}
 s - a potion of lignification {unknown}
 w - a potion of mutation {unknown}
 B - a potion of degeneration {unknown}
 C - a potion of resistance {unknown}


   Skills:
 + Level 5.0 Fighting
 + Level 5.0 Short Blades
 + Level 5.0 Long Blades
 + Level 5.0 Axes
 + Level 5.0 Maces & Flails
 + Level 5.0 Polearms
 + Level 5.0 Staves
 + Level 5.0 Slings
 + Level 5.0 Bows
 + Level 5.0 Crossbows
 + Level 5.0 Throwing
 + Level 5.0 Armour
 + Level 6.8 Dodging
 + Level 6.5 Stealth
 + Level 5.0 Shields
 + Level 5.0 Unarmed Combat
 + Level 7.1 Spellcasting
 + Level 4.6 Conjurations
 + Level 4.1 Hexes
 + Level 4.1 Summonings
 + Level 4.1 Necromancy
 + Level 4.1 Translocations
 + Level 4.1 Transmutations
 + Level 6.9 Fire Magic
 + Level 4.1 Ice Magic
 + Level 4.1 Air Magic
 + Level 4.1 Earth Magic
 + Level 4.1 Poison Magic
 + Level 5.4 Invocations
 + Level 5.0 Evocations


You had 20 spell levels left.
You knew the following spells:

 Your Spells              Type           Power      Damage    Failure   Level
a - Foxfire               Conj/Fire      100%       2x1d9     1%          1
b - Scorch                Fire           66%        2d8       1%          2

Your spell library contained the following spells:

 Spells                   Type           Power      Damage    Failure   Level
 Magic Dart               Conj           96%        1d7       1%          1
 Animate Skeleton         Necr           44%        N/A       2%          1
 Pain                     Necr           88%        1d8       2%          1
 Summon Small Mammal      Summ           88%        N/A       2%          1
 Searing Ray              Conj           48%        2d6       2%          2
 Static Discharge         Conj/Air       23%        N/A       3%          2
 Conjure Flame            Conj/Fire      28%        6-21      3%          3
 Inner Flame              Hex/Fire       27%        N/A       3%          3
 Stone Arrow              Conj/Erth      46%        3d9       6%          3
 Call Canine Familiar     Summ           22%        N/A       7%          3
 Confusing Touch          Hex            22%        N/A       7%          3
 Summon Guardian Golem    Hex/Summ       22%        N/A       7%          3
 Vampiric Draining        Necr           22%        2d7       7%          3
 Flame Wave               Conj/Fire      28%        2d8       11%         4
 Sticky Flame             Conj/Fire      28%        2d5       11%         4
 Fulminant Prism          Conj/Hex       11%        3d9       21%         4
 Dispel Undead            Necr           22%        3d12      22%         4
 Iskenderun's Battlesphe  Conj           24%        2d8       45%         5
 Yara's Violent Unravell  Hex/Tmut       11%        3d6       54%         5
 Enfeeble                 Hex            11%        N/A       100%        7
 Malign Gateway           Summ/Tloc      11%        N/A       100%        7
 Summon Horrible Things   Summ           11%        N/A       100%        8


Dungeon Overview and Level Annotations

Branches:
Dungeon (8/15)             Temple (1/1) D:5
   Lair: D:8-11

Altars:
Ashenzari
Elyvilon
Fedhas
Gozag
Hepliaklqana
Kikubaaqudgha
Makhleb
Nemelex Xobeh
Okawaru
Qazlal
Ru
Trog
Uskayaw
Vehumet
Yredelemnul
Zin

Shops:
D:2 (

Annotations:
D:4 2 runed translucent doors
D:5 2 transporters, cbfl8's ghost, novice MiBe
D:8 1 transporter


Innate Abilities, Weirdness & Mutations

Your life essence is reduced to manifest your ancestor. (-10% HP)
You have very sharp teeth.
Your uncanny sense of smell can sniff out nearby items.
Your experience applies equally to all skills.


Message History

Casting: Foxfire (safe; 1% risk of failure)
Confirm with . or Enter, or press ? or * to list all spells.
You don't know that spell.
You see here a +0 dagger.
Items here: ))) [[[.
There is a stone staircase leading up here.
You conjure some foxfire!
The death yak gores you but does no damage.
The foxfire hits the death yak!
The death yak is lightly wounded.
Mira hits the death yak!
You conjure some foxfire!
The death yak gores you but does no damage.
Casting: Foxfire (safe; 1% risk of failure)
Confirm with . or Enter, or press ? or * to list all spells.
Flames lash the death yak.
The death yak is moderately wounded.
The death yak's fire resistance burns away.
The foxfire hits the death yak!
The death yak is burned terribly!
The death yak is moderately wounded.
The foxfire hits the death yak!
The death yak is burned terribly!
The death yak is heavily wounded.
Mira hits the death yak!
The death yak gores you!
You conjure some foxfire!
The death yak gores you!
Mira hits the death yak but does no damage.
You are too injured to fight recklessly!
Unknown command.
You hit the death yak. You freeze the death yak.
You bite the death yak, but do no damage.
The death yak is heavily wounded.
The death yak is no longer more vulnerable to fire.
The foxfire hits the death yak.
The death yak is heavily wounded.
The death yak gores you!
* * * LOW HITPOINT WARNING * * *
Mira hits the death yak!
You hit the death yak but do no damage.
The death yak is severely wounded.
The death yak gores you!
You die...

# ## (## ..# ..# ######## ..#
#......## ######
.##############.......#####....#
.............>...YR......##....##
..##############@#v..............
..#### ####v##########......
[...(# #....[<...#####......
.†...# #.##.####...R........
.....# #.##.# #########...#
.....# ###....# ##..## ##.#.####
#...#### #..## #......###.#.#
##..### ##.###.#...#.# ##.....R


You could see the friendly Mira the ancestor and a death yak (ally target).

Vanquished Creatures
  A centaur zombie (D:7)
  A troll (D:5)
  Grinder (D:3)
  3 water moccasins
  An orc warrior (D:4)
  A sky beast (D:6)
  2 necrophages
  2 ogres
  A centaur (D:5)
  A phantom (D:6)
  A kobold brigand (D:5)
  2 bullfrogs
  3 scorpions
  A wyvern skeleton (D:5)
  3 killer bees
  3 wights (D:7)
  A howler monkey (D:4)
  4 jellies
  3 hounds
  3 orc priests
  A bullfrog skeleton (D:4)
  2 centaur skeletons (D:6)
  5 iguanas
  6 orc wizards
  Terence (D:3)
  A hound skeleton (D:4)
  A howler monkey zombie (D:7)
  3 adders
  A howler monkey skeleton (D:4)
  A shadow imp (D:4)
  2 ufetubi (D:5)
  An adder skeleton (D:2)
  3 worms
  2 dart slugs
  26 orcs
  6 bats
  8 endoplasms
  2 giant cockroaches (D:4)
  9 goblins
  9 hobgoblins
  6 jackals (D:1)
  6 kobolds
  3 quokkas
  6 ball pythons
  9 frilled lizards
  6 rats
164 creatures vanquished.

Vanquished Creatures (collateral kills)
  A sky beast (D:7)
  A centaur (D:8)
  A wight (D:7)
  A jelly (D:6)
  An orc priest (D:6)
  2 foxfires
7 creatures vanquished.

Vanquished Creatures (others)
  2 ancestors
  866 foxfires
  3 plants (D:6)
  3 toadstools (D:7)
874 creatures vanquished.

Grand Total: 1045 creatures vanquished

Notes
Turn   | Place    | Note
-------+----------+-------------------------------------------
     0 | D:1      | DocClef the Gnoll Fire Elementalist began the quest for the
                  | Orb.
     0 | D:1      | Reached XP level 1. HP: 13/13 MP: 6/6
   301 | D:1      | Reached XP level 2. HP: 19/19 MP: 5/7
   336 | D:1      | Found a faded altar of an unknown god.
   872 | D:1      | Reached XP level 3. HP: 25/25 MP: 5/9
   971 | D:1      | Reached skill level 5 in Spellcasting
  1698 | D:2      | Found Odiuc's Weapon Shoppe.
  1703 | D:2      | Reached skill level 1 in Invocations
  1809 | D:2      | Reached skill level 1 in Fighting
  1809 | D:2      | Reached skill level 1 in Short Blades
  1809 | D:2      | Reached skill level 1 in Long Blades
  1809 | D:2      | Reached skill level 1 in Axes
  1809 | D:2      | Reached skill level 1 in Maces & Flails
  1809 | D:2      | Reached skill level 1 in Polearms
  1809 | D:2      | Reached skill level 1 in Staves
  1809 | D:2      | Reached skill level 1 in Slings
  1809 | D:2      | Reached skill level 1 in Bows
  1809 | D:2      | Reached skill level 1 in Crossbows
  1809 | D:2      | Reached skill level 1 in Throwing
  1809 | D:2      | Reached skill level 1 in Armour
  1809 | D:2      | Reached skill level 1 in Shields
  1809 | D:2      | Reached skill level 1 in Unarmed Combat
  1809 | D:2      | Reached skill level 1 in Evocations
  1809 | D:2      | Reached XP level 4. HP: 32/32 MP: 3/11
  2334 | D:2      | Reached skill level 1 in Hexes
  2334 | D:2      | Reached skill level 1 in Summonings
  2334 | D:2      | Reached skill level 1 in Necromancy
  2334 | D:2      | Reached skill level 1 in Translocations
  2334 | D:2      | Reached skill level 1 in Transmutations
  2334 | D:2      | Reached skill level 1 in Ice Magic
  2334 | D:2      | Reached skill level 1 in Air Magic
  2334 | D:2      | Reached skill level 1 in Earth Magic
  2334 | D:2      | Reached skill level 1 in Poison Magic
  2416 | D:2      | Identified the +0 leather armour "Ogodwumeex" {-Tele
                  | Will+++ Dex-3 SInv}
  3157 | D:3      | Noticed Terence
  3165 | D:3      | Killed Terence
  3166 | D:3      | Reached XP level 5. HP: 37/37 MP: 3/12
  3629 | D:3      | Noticed Grinder
  3661 | D:3      | Killed Grinder
  3662 | D:3      | Reached skill level 5 in Dodging
  3662 | D:3      | Reached XP level 6. HP: 36/44 MP: 1/14
  4403 | D:4      | Found a large runed translucent door.
  4403 | D:4      | Found a large runed translucent door.
  4423 | D:4      | Noticed a water moccasin
  4431 | D:4      | Killed a water moccasin
  4432 | D:4      | Reached XP level 7. HP: 45/51 MP: 0/15
  4632 | D:4      | Identified the +4 halberd of Ahomoif {speed, rElec rF- rN+
                  | Dex+4}
  4653 | D:4      | Found a large runed translucent door.
  4653 | D:4      | Found a large runed translucent door.
  4952 | D:4      | Got Sif Muna's Compendium of the Hurtful Escort
  4990 | D:4      | Reached skill level 5 in Stealth
  5418 | D:4      | Reached XP level 8. HP: 57/57 MP: 9/16
  5811 | D:4      | Reached skill level 6 in Spellcasting
  6306 | D:5      | Entered Level 5 of the Dungeon
  6396 | D:5      | Found a transporter.
  6399 | D:5      | Noticed cbfl8's ghost (novice MiBe)
  6400 | D:5      | Found a transporter.
  6482 | D:5      | Found a staircase to the Ecumenical Temple.
  6511 | Temple   | Entered the Ecumenical Temple
  6600 | Temple   | Became a worshipper of Hepliaklqana the Forgotten
  7175 | D:5      | Noticed a troll
  7189 | D:5      | Killed a troll
  7190 | D:5      | Reached XP level 9. HP: 55/65 MP: 14/18
  8213 | D:6      | Reached * piety under Hepliaklqana
  8256 | D:6      | Got the Disquisition on Flames and Confrontation
  9015 | D:6      | Learned a level 2 spell: Scorch
  9445 | D:7      | Reached skill level 5 in Invocations
  9575 | D:7      | Reached skill level 7 in Spellcasting
  9744 | D:7      | Reached XP level 10. HP: 65/65 MP: 16/20
  9993 | D:8      | Found a transporter.
 10135 | D:8      | Reached skill level 5 in Fighting
 10135 | D:8      | Reached skill level 5 in Short Blades
 10135 | D:8      | Reached skill level 5 in Long Blades
 10135 | D:8      | Reached skill level 5 in Axes
 10135 | D:8      | Reached skill level 5 in Maces & Flails
 10135 | D:8      | Reached skill level 5 in Polearms
 10135 | D:8      | Reached skill level 5 in Staves
 10135 | D:8      | Reached skill level 5 in Slings
 10135 | D:8      | Reached skill level 5 in Bows
 10135 | D:8      | Reached skill level 5 in Crossbows
 10135 | D:8      | Reached skill level 5 in Throwing
 10135 | D:8      | Reached skill level 5 in Armour
 10135 | D:8      | Reached skill level 5 in Shields
 10135 | D:8      | Reached skill level 5 in Unarmed Combat
 10135 | D:8      | Reached skill level 5 in Evocations
 10175 | D:8      | Noticed a death yak
 10178 | D:8      | Noticed a death yak
 10183 | D:8      | Noticed a death yak
 10336 | D:7      | Slain by a death yak

Illustrated notes

Levels and vault maps discovered:
D:1:      matt_arrival_spirals, layout_loops_ring, shapermc_ecumenical_altar_gd,
          minmay_misc_feat_enclosed
D:2:      layout_loops_ring, serial_shops, nicolae_shop_advertising_works
          [nicolae_subvault_shop_adworks]
D:3:      layout_basic, uniq_terence, uniq_grinder
D:4:      layout_layer_cave, minmay_hollow_rounded_squares
D:5:      layout_basic, minmay_temple_entry_mist, gammafunk_ghost_mausoleum,
          kennysheep_nondescript, nicolae_concentric_dashed_squares_wild
D:6:      layout_basic, minmay_lizard_king
D:7:      layout_rooms, minmay_gold_behind_fungi
D:8:      gammafunk_steamed_eel, layout_cave_pods, dpeg_lair_monsters,
          dk_rats_in_the_wall
Temple:   eino_temple_scatter_basement

Skill      XL: |  1  2  3  4  5  6  7  8  9 10 |
---------------+-------------------------------+-----
Conjurations   | 2 3 4 |  4.6
Spellcasting   | 5 6 7 |  7.1
Invocations    | 1 2 3 4 5 |  5.4
Fighting       | 1 2 3 4 5 |  5.0
Short Blades   | 1 2 3 4 5 |  5.0
Long Blades    | 1 2 3 4 5 |  5.0
Axes           | 1 2 3 4 5 |  5.0
Maces & Flails | 1 2 3 4 5 |  5.0
Polearms       | 1 2 3 4 5 |  5.0
Staves         | 1 2 3 4 5 |  5.0
Slings         | 1 2 3 4 5 |  5.0
Bows           | 1 2 3 4 5 |  5.0
Crossbows      | 1 2 3 4 5 |  5.0
Throwing       | 1 2 3 4 5 |  5.0
Armour         | 1 2 3 4 5 |  5.0
Shields        | 1 2 3 4 5 |  5.0
Unarmed Combat | 1 2 3 4 5 |  5.0
Evocations     | 1 2 3 4 5 |  5.0
Hexes          | 1 2 3 4 |  4.1
Summonings     | 1 2 3 4 |  4.1
Necromancy     | 1 2 3 4 |  4.1
Translocations | 1 2 3 4 |  4.1
Transmutations | 1 2 3 4 |  4.1
Ice Magic      | 1 2 3 4 |  4.1
Air Magic      | 1 2 3 4 |  4.1
Earth Magic    | 1 2 3 4 |  4.1
Poison Magic   | 1 2 3 4 |  4.1
Dodging        | 5 6 |  6.8
Stealth        | 5 6 |  6.5
Fire Magic     | 6 |  6.9

Action                   |  1- 3 |  4- 6 |  7- 9 | 10-12 || total
-------------------------+-------+-------+-------+-------++-------
Melee: Dagger            |     5 |    10 |       |       ||    15
       Bite              |       |     1 |    17 |     1 ||    19
       Flail             |       |     1 |    92 |       ||    93
       Punch             |       |       |     2 |     1 ||     3
       Scimitar          |       |       |     6 |     4 ||    10
 Cast: Foxfire           |    97 |   153 |   297 |    39 ||   586
       Scorch            |       |       |     2 |     2 ||     4
 Stab: Sleeping          |       |       |     1 |       ||     1
Armor: Robe              |       |     4 |       |       ||     4
       Leather armour    |       |     8 |    50 |     2 ||    60
Dodge: Dodged            |     9 |    16 |    79 |       ||   104
